 Dungeon Crawl Stone Soup version 0.31.0-11-ge490571c62 (webtiles) character file.

Game seed: 11980652397946435716

10576 SnakkuSnakku7 the Cleaver (level 11, -6/99 HPs)
             Began as a Minotaur Wanderer on Feb 4, 2024.
             Mangled by a vampire (8 damage)
             ... on level 9 of the Dungeon.
             The game lasted 00:13:17 (8453 turns).

SnakkuSnakku7 the Cleaver (Minotaur Wanderer)       Turns: 8453, Time: 00:13:18

Health: -6/99      AC: 11    Str: 24    XL:     11   Next: 38%
Magic:  8/8        EV:  8    Int:  7    God:
Gold:   605        SH:  0    Dex: 15    Spells: 10/10 levels left

rFire   + . .        a - +8 spear "Nunaec" {elec, rElec rF+ rC+++ Will-}
rCold   + + +        (no shield)
rNeg    . . .        L - +0 plate armour
rPois   .            (helmet restricted)
rElec   +            o - +1 cloak
rCorr   .            (no gloves)
SInv    .            c - +2 pair of boots
Will    .....        v - amulet of faith
Stlth   x              - +6 ring of dexterity
HPRegen 0.36/turn    (no ring)
MPRegen 0.11/turn

%: faith
@: lethally poisoned (-6 -> -10), about to teleport, corroded, hasted, very
quick
A: horns 2, retaliatory headbutt, hooves 1, deformed body, low MP 1
a: no special abilities


You were on level 9 of the Dungeon.
You visited 1 branch of the dungeon, and saw 9 of its levels.
You also visited: Sewer.

You collected 605 gold pieces.

Inventory:

Hand Weapons
 a - the +8 spear "Nunaec" (weapon) {elec, rElec rF+ rC+++ Will-}
   (You took it off a gnoll on level 6 of the Dungeon)

   rF+:       It protects you from fire.
   rC+++:     It renders you almost immune to cold.
   rElec:     It insulates you from electricity.
   Will-:     It decreases your willpower.
 H - a +1 war axe
Missiles
 g - 29 poisoned darts (quivered)
 G - 2 throwing nets
Armour
 c - a +2 pair of boots (worn)
 o - a +1 cloak (worn)
 L - a +0 plate armour (worn)
Jewellery
 e - a +6 ring of strength
 j - a +6 ring of intelligence
 k - a ring of fire
 v - an amulet of faith (around neck)
 x - a +6 ring of dexterity (left hand)
Wands
 t - a wand of flame (40)
 u - a wand of mindburst (5)
 F - a wand of charming (9)
Scrolls
 b - a scroll of blinking {unknown}
 f - a scroll of immolation {unknown}
 i - a scroll of identify
 n - 2 scrolls of poison
 r - a scroll of vulnerability
 s - a scroll of fear {unknown}
 w - 5 scrolls of teleportation
 y - a scroll of noise {unknown}
 z - 3 scrolls of butterflies {unknown}
 A - a scroll of revelation {unknown}
 C - 2 scrolls of enchant weapon
 E - a scroll of fog {unknown}
Potions
 d - 5 potions of brilliance
 h - a potion of berserk rage
 l - 2 potions of enlightenment
 p - a potion of lignification {unknown}
 q - 2 potions of attraction
 B - a potion of heal wounds {unknown}
 D - a potion of haste
 I - a potion of invisibility {unknown}
 K - a potion of mutation


   Skills:
 - Level 10.0 Fighting
 - Level 1.1 Short Blades
 - Level 13.5(15.1) Axes
 - Level 11.2(14.0) Polearms
 + Level 9.9 Armour
 - Level 2.1 Dodging


You had 10 spell levels left.
You didn't know any spells.
Your spell library contained the following spells:

 Spells                   Type           Power      Damage    Failure   Level
 Sandblast                Erth           0%         2d4       99%         1
 Ozocubu's Armour         Ice            0%         N/A       100%        3
 Passwall                 Erth           0%         N/A       100%        3
 Stone Arrow              Conj/Erth      0%         3d7       100%        3
 Brom's Barrelling Bould  Conj/Erth      0%         2d3       100%        4
 Metabolic Englaciation   Hex/Ice        0%         N/A       100%        5
 Conjure Ball Lightning   Conj/Air       0%         3x3d6     100%        6
 Sculpt Simulacrum        Ice/Alch       0%         N/A       100%        6
 Discord                  Hex            0%         N/A       100%        8
 Disjunction              Tloc           0%         N/A       100%        8


Dungeon Overview and Level Annotations

Branches:
Dungeon (9/15)             Temple (0/1) D:4            Lair (0/5) D:8
  Sewer (visited)
    Orc: D:9-12

Altars:
Gozag
Okawaru
Qazlal
Ru
Sif Muna
Trog
Yredelemnul
Zin

Annotations:
D:2 1 runed translucent door, Crazy Yiuf
D:5 3 runed translucent doors, mandarbmax's ghost, amateur KoFi
D:9 Harold


Innate Abilities, Weirdness & Mutations

You have a pair of horns on your head.
You reflexively headbutt those who attack you in melee.
You have large cloven feet.
Armour fits poorly on your strangely shaped body.
Your magical capacity is low. (-10% MP)


Message History

Okay, then.
The orc warrior attacks as it pursues you!
The orc warrior hits you but does no damage.
As you read the scroll of teleportation, it crumbles to dust.
You feel strangely unstable.
The orc warrior hits you but does no damage.
Your surroundings suddenly seem different.
A kobold brigand comes into view.
It is wielding a +0 short sword and quivering poisoned darts.
The kobold brigand shouts!
A wight comes into view. It is wielding a +2 falchion.
The kobold brigand throws a poisoned dart.
The poisoned dart hits you!
You are poisoned.
As you read the scroll of teleportation, it crumbles to dust.
You feel strangely unstable.
You feel very sick.
The kobold brigand throws a poisoned dart.
The poisoned dart closely misses you.
The acid dragon roars!
It was a potion of haste.
You feel yourself speed up.
You feel sick. The acid dragon barely misses you.
The acid dragon closely misses you.
The kobold brigand throws a poisoned dart.
The poisoned dart barely misses you.
Unknown command.
A vampire comes into view.
Found a lumpy coppery potion and a dagger.
You feel sick.
It was a potion of mutation.
You feel extremely strange.
Your body twists and deforms.
Your feet thicken and deform.
You feel less energetic.
You feel sick. The wight hits you but does no damage.
The acid dragon closely misses you. The acid dragon claws you.
* * * LOW HITPOINT WARNING * * *
A shadow comes into view.
It was a potion of magic.
Magic courses through your body.
You feel sick. The acid dragon bites you!
* * * LOW HITPOINT WARNING * * *
The acid dragon claws you but does no damage.
The vampire hits you!
You die...

###.#.....#..#.o#.#.###
.#.(#.Y
#.#.#...#..#...###..
#...#..
#.#.##..o##.#.## ..#. #
#h## #...##...##.##.#.#
..# #.# ##..#...o###.
#.. #)# .## #.....Y.#
.. .#.! ..
#.###o..###.##W. # ##.
#.###...##.##z# #
####.....B.##.#@##
..#..#...#D.#D.V#
#.#......#..#..#.#
#.####...#D##.#.K.#
#....)...##.##...##
#.##.#..#.#. ###.K
#.##....##.# ###
#.###...# #.# #.# ##..#
#.#


You could see a vampire, an acid dragon, a kobold brigand, a shadow and a wight.

Vanquished Creatures
  A centaur warrior (D:9)
  2 two-headed ogres (D:8)
  5 death yaks
  Maurice (D:8)
  A hornet (D:9)
  Sigmund (D:5)
  A wraith (D:9)
  2 yaks (D:9)
  Grum (D:8)
  A human (D:3)
  2 steam dragons
  Edmund (D:4)
  4 water moccasins
  Duvessa (D:7)
  5 orc warriors
  A sky beast (D:7)
  2 black bears
  An ice beast (D:8)
  3 ogres
  A crocodile (Sewer)
  4 wolves (D:8)
  2 centaurs
  2 phantoms
  2 kobold brigands
  A bullfrog (D:6)
  A gnoll sergeant (D:5)
  2 scorpions (D:6)
  9 wights
  Dowan (D:7)
  6 killer bees
  A jelly (D:6)
  2 bombardier beetles (D:5)
  A human zombie (D:3)
  2 gnoll boudas
  6 iguanas
  2 sleepcaps (D:5)
  6 orc wizards
  9 adders
  14 gnolls
  2 ufetubi (D:6)
  2 dart slugs
  3 ribbon worms (D:3)
  23 orcs
  7 ball pythons
  2 bats
  3 endoplasms
  4 giant cockroaches
  7 hobgoblins
  6 jackals
  12 kobolds
  6 quokkas
  9 goblins
  2 goblin zombies (D:3)
  A jackal skeleton (D:3)
  4 rats
203 creatures vanquished.

Notes
Turn   | Place    | Note
-------+----------+-------------------------------------------
     0 | D:1      | SnakkuSnakku7 the Minotaur Wanderer began the quest for the
                  | Orb.
     0 | D:1      | SnakkuSnakku7 set off with the following items: a +0 war
                  | axe, a +0 short sword, a +0 pair of boots, a potion of
                  | brilliance, a +0 leather armour.
     0 | D:1      | Reached XP level 1. HP: 18/18 MP: 0/0
   122 | D:1      | Reached XP level 2. HP: 22/25 MP: 1/1
   798 | D:2      | Reached skill level 7 in Axes
   798 | D:2      | Reached XP level 3. HP: 30/30 MP: 2/2
  1104 | D:2      | Found an opulent altar of Gozag.
  1179 | D:2      | Found a faded altar of an unknown god.
  1221 | D:2      | Found a runed translucent door.
  1222 | D:2      | Noticed Crazy Yiuf
  1498 | D:3      | Noticed a human
  1500 | D:3      | Found a runed translucent door.
  1504 | D:3      | Found a basalt altar of Yredelemnul.
  1515 | D:3      | Reached skill level 8 in Axes
  1515 | D:3      | Reached XP level 4. HP: 29/37 MP: 3/3
  1551 | D:3      | Killed a human
  1765 | D:3      | Found a glowing silver altar of Zin.
  1861 | D:3      | You fall into a shaft and drop 2 floors!
  1861 | D:5      | Entered Level 5 of the Dungeon
  1883 | D:5      | Noticed Sigmund
  1921 | D:5      | Killed Sigmund
  1922 | D:5      | Reached skill level 9 in Axes
  1922 | D:5      | Reached XP level 5. HP: 35/42 MP: 4/4
  1922 | D:5      | Reached XP level 6. HP: 42/50 MP: 5/5
  2008 | D:5      | Found a glowing drain.
  2026 | Sewer    | Entered a sewer
  2082 | Sewer    | Reached skill level 10 in Axes
  2604 | D:4      | Noticed Edmund
  2621 | D:4      | Killed Edmund
  2622 | D:4      | Reached skill level 11 in Axes
  2622 | D:4      | Reached XP level 7. HP: 15/56 MP: 6/6
  3144 | D:4      | Found a staircase to the Ecumenical Temple.
  3187 | D:5      | Found a runed translucent gate.
  3187 | D:5      | Found a runed translucent gate.
  3200 | D:5      | Found a runed translucent gate.
  3200 | D:5      | Noticed mandarbmax's ghost (amateur KoFi)
  3203 | D:5      | Noticed a troll
  3510 | D:5      | Found a sacrificial altar of Ru.
  3510 | D:5      | Found a shimmering blue altar of Sif Muna.
  3765 | D:5      | Found an iron altar of Okawaru.
  3842 | D:5      | Reached skill level 12 in Axes
  3854 | D:5      | Reached XP level 8. HP: 32/62 MP: 7/7
  4379 | D:6      | Reached skill level 13 in Axes
  4460 | D:6      | Identified the +8 spear "Nunaec" {elec, rElec rF+ rC+++
                  | Will-}
  4730 | D:6      | Reached skill level 1 in Polearms
  4804 | D:6      | Found a bloodstained altar of Trog.
  4842 | D:6      | Reached skill level 5 in Polearms
  5335 | D:7      | Reached XP level 9. HP: 68/68 MP: 8/8
  5526 | D:7      | Noticed Duvessa
  5526 | D:7      | Noticed Dowan
  5539 | D:7      | Killed Duvessa
  5543 | D:7      | Killed Dowan
  6180 | D:8      | Noticed a two-headed ogre
  6274 | D:8      | Reached skill level 10 in Polearms
  6409 | D:8      | Killed a two-headed ogre
  6478 | D:8      | Reached XP level 10. HP: 63/80 MP: 9/9
  6588 | D:8      | Noticed Maurice
  6616 | D:8      | Something stole a +6 ring of intelligence
  6617 | D:8      | Something stole a +1 war axe
  6618 | D:8      | Something stole 21 poisoned darts
  6660 | D:8      | Something stole 56 gold
  6661 | D:8      | Killed Maurice
  6662 | D:8      | Reached skill level 5 in Fighting
  6818 | D:8      | Found a stormy altar of Qazlal.
  6908 | D:8      | Noticed a two-headed ogre
  6936 | D:8      | Killed a two-headed ogre
  7193 | D:8      | Noticed a death yak
  7207 | D:8      | Noticed a death yak
  7211 | D:8      | Noticed a death yak
  7211 | D:8      | Noticed a death yak
  7213 | D:8      | Noticed a death yak
  7214 | D:8      | Killed a death yak
  7235 | D:7      | Killed a death yak
  7236 | D:7      | Reached skill level 10 in Fighting
  7236 | D:7      | Reached skill level 1 in Armour
  7426 | D:8      | Found a staircase to the Lair.
  7455 | D:8      | Noticed Grum
  7469 | D:8      | Killed Grum
  7639 | D:9      | Noticed Harold
  7693 | D:7      | Killed a death yak
  7694 | D:7      | Reached skill level 5 in Armour
  7864 | D:7      | Killed a death yak
  7865 | D:7      | Reached XP level 11. HP: 56/99 MP: 10/10
  8067 | D:8      | Killed a death yak
  8403 | D:9      | Noticed a centaur warrior
  8416 | D:9      | Killed a centaur warrior
  8444 | D:9      | Noticed a boulder beetle
  8452 | D:9      | Gained mutation: Armour fits poorly on your strangely
                  | shaped body. [potion of mutation]
  8452 | D:9      | Gained mutation: You have large cloven feet. [potion of
                  | mutation]
  8452 | D:9      | Gained mutation: Your magical capacity is low. (-10% MP)
                  | [potion of mutation]
  8453 | D:9      | HP: 2/99 [acid dragon (7)]
  8453 | D:9      | Mangled by a vampire

Illustrated notes

Levels and vault maps discovered:
D:1:      dpeg_arrival_three_same_balls, layout_basic, kennysheep_boxes
D:2:      layout_loops_cross, ebering_ecumenical_altar_box, basic_altar,
          uniq_crazy_yiuf_cottage
D:3:      layout_loops_corners, zin_academy, dk_yredelemnul_ordeal,
          kennysheep_generic_room_16
D:4:      layout_rooms, minmay_temple_entry_gardened_gates, uniq_edmund
D:5:      layout_cave_pools, mainiacjoe_overflow_alcove_4,
          nicolae_overflow_two_pavilions, gammafunk_ghost_split,
          gup_sewer_entry_pipe, minmay_liquid_box, kennysheep_doodads,
          minmay_pentangle, uniq_sigmund
D:6:      layout_basic, trog_butcher_becter
D:7:      layout_basic, uniq_duvessa
D:8:      layout_gridville, grunt_qazlal_sundering, dpeg_lair_monsters,
          st_stairs_2, uniq_grum, uniq_maurice
D:9:      minmay_ornate_pinched, layout_loops_ring, lemuel_crystal_altar,
          uniq_harold

Skill      XL: |  1  2  3  4  5  6  7  8  9 10 11 |
---------------+----------------------------------+-----
Axes           | 7 8 9 11 12 13 | 13.5
Polearms       | 6 11 | 11.2
Fighting       | 4 10 | 10.0
Armour         | 6 9 |  9.9
Short Blades   | |  1.1
Dodging        | |  2.1

Action                     |  1- 3 |  4- 6 |  7- 9 | 10-12 || total
---------------------------+-------+-------+-------+-------++-------
  Melee: War axe           |    61 |   111 |    83 |       ||   255
         Headbutt          |    11 |    17 |    34 |    38 ||   100
         Punch             |       |     1 |     1 |     2 ||     4
         Spear             |       |       |   142 |   201 ||   343
  Throw: Dart              |       |     4 |    18 |     9 ||    31
         Throwing net      |       |       |     1 |       ||     1
  Evoke: Wand              |       |       |     5 |    13 ||    18
    Use: Scroll            |       |     2 |    10 |     2 ||    14
         Potion            |       |     4 |       |     4 ||     8
 Armour: Leather armour    |    10 |       |       |       ||    10
         Ring mail         |    19 |    72 |     4 |       ||    95
         Chain mail        |       |       |   109 |       ||   109
         Plate armour      |       |       |     5 |   118 ||   123
  Dodge: Dodged            |    37 |    64 |    54 |    48 ||   203
